 Dungeon Crawl Stone Soup version 0.27.0-1-g7a089689b8 (webtiles) character file.

Game seed: 15942945335543203962

63 Hypnoxylon the Covered (level 3, -1/34 HPs)
             Began as a Deep Dwarf Fighter on Aug 18, 2021.
             Slain by an orc wizard (19 damage)
             ... on level 3 of the Dungeon.
             The game lasted 00:06:01 (1541 turns).

Hypnoxylon the Covered (Deep Dwarf Fighter)         Turns: 1541, Time: 00:06:01

Health: -1/34      AC: 10    Str: 26    XL:     3   Next: 89%
Magic:  4/4        EV:  6    Int:  8    God:
Gold:   49         SH: 10    Dex: 12    Spells: 3/3 levels left

rFire    . . .     SeeInvis .   a - +0 long sword
rCold    . . .     Faith    .   c - +0 kite shield
rNeg     . . .     Spirit   .   g - +0 chain mail
rPois    .         Reflect  .   (no helmet)
rElec    .         Harm     .   f - scarf {repulsion}
rCorr    .         Rampage  .   (no gloves)
Will     .....                  i - +0 pair of boots
Stlth    ..........             (no amulet)
HPRegen  0.00/turn              j - +6 ring of strength
MPRegen  0.09/turn              (no ring)

@: repel missiles
A: damage resistance, heal wounds, sense surroundings 1, no regeneration
a: Heal Wounds


You were on level 3 of the Dungeon.
You visited 1 branch of the dungeon, and saw 3 of its levels.

You collected 49 gold pieces.


Innate Abilities, Weirdness & Mutations

You are resistant to damage.
You can heal yourself by infusing magical energy.
You passively map a small area around you.
You do not regenerate.


   Skills:
 * Level 3.1 Fighting
 * Level 2.7 Long Blades
 + Level 3.5 Armour
 + Level 0.8 Dodging
 + Level 1.1 Stealth
 + Level 3.5 Shields
 + Level 0.7 Spellcasting


You had 3 spell levels left.
You didn't know any spells.
Your spell library contained the following spells:

 Spells                   Type           Power      Damage    Failure   Level
 Stone Arrow              Conj/Erth      0%         3d7       100%        3
 Bolt of Magma            Conj/Fire/Erth 0%         4d4       100%        5
 Shatter                  Erth           0%         3d5*      100%        9

Inventory:

Hand Weapons
 a - a +0 long sword (weapon)
 b - a +0 hunting sling
Missiles
 k - 18 stones (quivered)
 m - 2 boomerangs
Armour
 c - a +0 kite shield (worn)
 f - a scarf of repulsion (worn)
 g - a +0 chain mail (worn)
 i - a +0 pair of boots (worn)
Jewellery
 h - an amulet of faith {!P!R}
 j - a +6 ring of strength (left hand)
Scrolls
 e - 4 scrolls of blinking {unknown}
 n - a scroll of enchant weapon {unknown}
 p - a scroll of immolation {unknown}
Potions
 d - a potion of might
 l - 2 potions of brilliance {unknown}
 o - a potion of berserk rage {unknown}
 q - a potion of resistance {unknown}


Message History

Things that are here:
a +0 dagger; a goblin corpse
There is a stone staircase leading down here.
You climb downwards.
There is a stone staircase leading up here.
Found a dagger.
e - 4 scrolls labelled NEEDOM JOLAYB (gained 2)
An orc comes into view. It is wielding a +0 falchion.
The orc shouts!
An orc wizard comes into view.
It is wielding a +2 dagger of electrocution.
You throw a stone. The stone completely misses the orc.
You throw a stone. The orc wizard shouts!
The stone hits the orc.
The orc is lightly wounded.
You throw a stone. The stone closely misses the orc.
The stone closely misses the orc wizard.
The orc shouts!
The stone hits the orc but does no damage.
You throw a stone.
The stone hits the orc but does no damage.
You barely miss the orc.
The orc wizard mumbles some strange words.
The orc wizard flickers and vanishes!
Deactivating autopickup; reactivate with Ctrl-A.
You block the orc's attack.
The orc wizard casts a spell.
The orc wizard flickers and vanishes!
The orc hits you with a +0 falchion.
You closely miss the orc. You block the orc's attack.
You barely miss the orc. You block the orc's attack.
You slash the orc!
You kill the orc!
A puff of flame appears from out of thin air!
The puff of flame hits you.
You closely miss something.
Something hits you but does no damage. x2
You are electrocuted!
You barely miss something. Something hits you.
You are electrocuted!!
Ouch! That really hurt!
You die...

* ##########
#........#
#####..<..#
..........# *
#####.....##.######
, #....(.(.o()@.# *
,##.......####.####
*######### #.....#
** * ##.##.# , * *
####.# * #.# , * ,
#.# , , #######.# ,
,#.......####


You could see an orc.

Vanquished Creatures
  An adder (D:1)
  A worm (D:2)
  2 dart slugs
  2 orcs
  2 bats
  3 endoplasms
  4 giant cockroaches
  9 goblins
  5 hobgoblins
  2 quokkas
  7 ball pythons
  A frilled lizard (D:2)
  A rat (D:2)
40 creatures vanquished.

Notes
Turn   | Place    | Note
-------+----------+-------------------------------------------
     0 | D:1      | Hypnoxylon the Deep Dwarf Fighter began the quest for the
                  | Orb.
     0 | D:1      | Reached XP level 1. HP: 20/20 MP: 1/1
   142 | D:1      | Reached XP level 2. HP: 24/27 MP: 2/2
   883 | D:1      | Reached skill level 3 in Fighting
   883 | D:1      | Reached XP level 3. HP: 25/34 MP: 3/3
   951 | D:1      | Reached skill level 1 in Stealth
  1059 | D:2      | Found a faded altar of an unknown god.
  1272 | D:2      | HP: 6/34 [worm (5)]
  1541 | D:3      | Slain by an orc wizard

Levels and vault maps discovered:
D:1:      amcnicky_arrival_single_pillar, layout_basic,
          corexii_item_surrounded_by_moat
D:2:      layout_rooms, hellmonk_ecumenical_altar_defaced_shrine
D:3:      layout_loops_cross, old_standard_altar, minmay_checkerbox, uniq_robin,
          uniq_natasha, uniq_grinder

Action                   || total
-------------------------++-------
Melee: Long sword        ||   100
Throw: Stone             ||     9
 Abil: Heal Wounds       ||     2
Armor: Scale mail        ||     4
       Chain mail        ||    44
Dodge: Dodged            ||    25
Block: Kite shield       ||    51
       Rpst.: Long sword ||     9
